 Dungeon Crawl Stone Soup version 0.18-a0-1-gfac8111 (webtiles) character file.

76 bart the Charlatan (level 4, 0/38 HPs)
             Began as a Hill Orc Artificer on Oct 30, 2015.
             Was a Follower of Zin.
             Succumbed to kobold's curare-tipped needle
             ... on level 2 of the Dungeon.
             The game lasted 00:05:39 (1195 turns).

bart the Charlatan (Hill Orc Artificer)             Turns: 1195, Time: 00:05:39

Health: 0/38       AC: 10    Str: 13    XL:     4   Next: 32%
Magic:  7/7        EV:  3    Int: 12    God:    Zin [*.....]
Gold:   74         SH:  0    Dex: 12    Spells: 0 memorised, 3 levels left

rFire  . . .     SeeInvis .     a - +0 short sword
rCold  . . .     Clarity  .     p - +0 plate armour
rNeg   . . .     SustAt   .     (no shield)
rPois  .         Gourm    .     (no helmet)
rElec  .         Spirit   .     (no cloak)
rCorr  .         Warding  .     (no gloves)
rMut   .         Stasis   .     (no boots)
MR     .....                    (no amulet)
Stlth  ..........               (no ring)
                                (no ring)

@: lethally poisoned (0 -> -17), slowed, very slow, not resistant to hostile
enchantments, extremely unstealthy
A: no striking features
a: Recite, Donate Gold, Renounce Religion


You were on level 2 of the Dungeon.
You worshipped Zin.
Zin was aware of your devotion.
You were very hungry.

You visited 1 branch of the dungeon, and saw 3 of its levels.

You collected 82 gold pieces.
You donated 8 gold pieces to Zin.

Inventory:

Hand Weapons
 a - a +0 short sword (weapon)
Missiles
 h - 116 stones (quivered)
Armour
 b - a +0 leather armour
 p - a +0 plate armour (worn)
Wands
 c - a wand of flame (8)
 d - a wand of enslavement (15)
 e - a wand of random effects (14)
Scrolls
 j - a scroll of fog {unknown}
 k - a scroll of identify {unknown}
 n - 3 scrolls of remove curse
 o - a scroll of magic mapping {unknown}
 r - a scroll of recharging {unknown}
 t - a scroll of amnesia {unknown}
Potions
 g - a potion of heal wounds {unknown}
 l - a potion of invisibility {unknown}
 s - a potion of curing {unknown}
Comestibles
 f - a bread ration
 i - a slice of pizza
 m - 2 fruits


   Skills:
 + Level 3.3 Fighting
 - Level 1.0 Short Blades
 - Level 1.5 Dodging
 - Level 0.7 Stealth
 + Level 4.2 Evocations


You had 3 spell levels left.
You didn't know any spells.

Dungeon Overview and Level Annotations

Branches:
Dungeon (3/15)

Altars:
Fedhas
Kikubaaqudgha
Xom
Zin


Message History

Here: a gnoll sergeant, wielding an antimagic spear, wearing a ring mail and wearing a runed buckler (hasn't noticed you)
The floor.
Unknown command.
The gnoll sergeant shouts!
You hit the kobold. The kobold barely misses you.
A gnoll comes into view. It is wielding a club.
Unknown command.
Your plate armour prevents you from hitting the kobold.
The gnoll shouts!
The kobold hits you but does no damage.
Unknown command.
The kobold hits you with a dagger. The kobold hits you but does no damage.
You climb upwards.
There is a stone staircase leading down here.
Unknown command.
You take 1 damage, and have 25/38 hp.
You closely miss the kobold. The kobold hits you but does no damage.
The kobold barely misses you.
You hit the kobold but do no damage. The kobold hits you but does no damage.
The kobold barely misses you.
You are too injured to fight recklessly!
You closely miss the kobold. The kobold hits you but does no damage.
The kobold hits you.
You take 1 damage, and have 24/38 hp.
You are too injured to fight recklessly!
You are too injured to fight recklessly!
You are too injured to fight recklessly!
You are too injured to fight recklessly!
You are too injured to fight recklessly!
You closely miss the kobold. The kobold barely misses you. The kobold hits you.
You take 1 damage, and have 23/38 hp.
You closely miss the kobold. The kobold barely misses you.
The kobold hits you but does no damage.
You hit the kobold but do no damage. The kobold hits you with a dagger.
The kobold hits you but does no damage.
You take 2 damage, and have 21/38 hp.
Your plate armour prevents you from hitting the kobold.
You are feeling very hungry.
The kobold hits you but does no damage. The kobold hits you.
* * * LOW HITPOINT WARNING * * *
You take 2 damage, and have 19/38 hp.
You hit the kobold but do no damage. The kobold hits you but does no damage.
The kobold hits you but does no damage.
You hit the kobold.
You kill the kobold!
The kobold hits you.
* * * LOW HITPOINT WARNING * * *
You take 1 damage, and have 18/38 hp.
You hit the kobold. The kobold hits you but does no damage.
You closely miss the kobold. The kobold hits you but does no damage.
Your plate armour prevents you from hitting the kobold.
The kobold hits you but does no damage.
Your plate armour prevents you from hitting the kobold.
The kobold hits you but does no damage.
Your plate armour prevents you from hitting the kobold.
The kobold hits you.
* * * LOW HITPOINT WARNING * * *
You take 1 damage, and have 18/38 hp.
You hit the kobold.
You kill the kobold!
You see here a short sword.
Unknown command.
Unknown command.
Unknown command.
Unknown command.
Unknown command.
Unknown command.
Unknown command.
A rat comes into view.
The rat moves out of view.
There is a stone staircase leading down here.
You climb downwards.
There is a stone staircase leading up here.
A kobold comes into view. It is wielding a short sword of venom.
The kobold shouts!
The kobold unwields an uncursed short sword of venom.
It stops dripping with poison.
The kobold wields a blowgun.
The kobold shoots a curare-tipped needle.
The curare-tipped needle hits you.
You are poisoned.
You have difficulty breathing.
* * * LOW HITPOINT WARNING * * *
You feel yourself slow down.
You take 9 damage, and have 11/38 hp.
MASSIVE DAMAGE!!
The floor.
Unknown command.
Drink which item? (? for menu, Esc to quit)
Okay, then.
You feel sick.
There is a stone staircase leading up here.
You feel sick.
The kobold shoots a curare-tipped needle.
The curare-tipped needle hits you.
You are lethally poisoned!
You have difficulty breathing.
* * * LOW HITPOINT WARNING * * *
You feel as though you will be slow longer.
You climb upwards.
You die...

..#.# .#..# ..#.#
####.#..# ..#.# #.......#
#####.#.# #..)....#
#.....#.# #..รท....#
#.....#.# #.......###
##)....#.####..........
.......................
.......#)@.##.....#.... ..
.#.....#...##.....#####...
#.....#...##..)..# ...
#######...##.....# #...
#...##.....#####...
#...##.............
#...######.........
#.#######.### #.........
....... #.# #####.........


There were no monsters in sight!

Vanquished Creatures
  4 adders (D:2)
  An ooze (D:2)
  2 worms (D:2)
  A bat (D:1)
  A giant cockroach (D:2)
  3 hobgoblins
  3 jackals (D:2)
  9 kobolds
  A quokka (D:2)
  A giant newt (D:2)
  A goblin (D:3)
  2 rats (D:2)
29 creatures vanquished.

Notes
Turn   | Place    | Note
--------------------------------------------------------------
     0 | D:1      | bart the Hill Orc Artificer began the quest for the Orb.
     0 | D:1      | Reached XP level 1. HP: 16/16 MP: 3/3
   272 | D:2      | Reached skill level 2 in Fighting
   272 | D:2      | Reached XP level 2. HP: 18/24 MP: 4/4
   338 | D:2      | Reached XP level 3. HP: 12/30 MP: 5/5
   381 | D:3      | Found a glowing silver altar of Zin.
   381 | D:3      | Found a blossoming altar of Fedhas.
   381 | D:3      | Found a shimmering altar of Xom.
   384 | D:3      | Found an ancient bone altar of Kikubaaqudgha.
   386 | D:3      | Became a worshipper of Zin the Law-Giver
   854 | D:2      | Reached skill level 4 in Evocations
   905 | D:2      | Reached skill level 3 in Fighting
   951 | D:2      | Reached XP level 4. HP: 19/38 MP: 7/7
   991 | D:2      | HP: 9/38 [kobold/short sword (1)]
  1088 | D:1      | Reached * piety under Zin
  1153 | D:3      | Noticed a gnoll sergeant
  1194 | D:3      | HP: 3/38 [asphyx]
  1195 | D:2      | Succumbed to kobold's curare-tipped needle

Vault maps used:
D:1:      lemuel_arrival_cross
D:2:      yredelemnul_forgotten_temple_becter, corexii_shack,
          minmay_misc_feat_tower, serial_bayou_crossing, uniq_robin
D:3:      lemuel_upstairs_altar, grunt_temple_overflow_open, ecumenical_altar_1

Action                   |  1- 3 |  4- 6 || total
-------------------------+-------+-------++-------
Melee: Short sword       |   104 |    43 ||   147
Throw: Stone             |     6 |     4 ||    10
Evoke: Wand              |     7 |     1 ||     8
  Use: Scroll            |     1 |       ||     1
 Stab: Sleeping          |     2 |       ||     2

Vault maps used:
D:1:      lemuel_arrival_cross
D:2:      yredelemnul_forgotten_temple_becter, corexii_shack,
          minmay_misc_feat_tower, serial_bayou_crossing, uniq_robin
D:3:      lemuel_upstairs_altar, grunt_temple_overflow_open, ecumenical_altar_1

Table legend:
 A = Turns spent in this place as a percentage of turns spent in the entire game.
 B = Non-inter-level travel turns spent in this place as a percentage of non-inter-level travel turns spent in the entire game.
 C = Inter-level travel turns spent in this place as a percentage of turns spent in this place.
 D = Turns resting spent in this place as a percentage of non-inter-level travel turns spent in this place.
 E = Turns spent auto-exploring this place as a percentage of non-inter-level travel turns spent in this place.
 F = Non-inter-level travel turns spent in this place divided by the number of levels of this place that you've seen.
                   A       B       C       D       E      F
               +-------+-------+-------+-------+-------+----------------------
         Total | 100.0 | 100.0 |   0.1 |   0.0 |   0.0 | 306.3
       Dungeon | 100.0 | 100.0 |   0.1 |   0.0 |   0.0 | 306.3
               +-------+-------+-------+-------+-------+----------------------

Table legend:
 A = Kills in this place as a percentage of kills in entire the game.
 B = Kills by you in this place as a percentage of kills by you in the entire game.
 C = Kills by friends in this place as a percentage of kills by friends in the entire game.
 D = Other kills in this place as a percentage of other kills in the entire game.
 E = Experience gained in this place as a percentage of experience gained in the entire game.
 F = Experience gained in this place divided by the number of levels of this place that you have seen.
                   A       B       C       D       E      F
               +-------+-------+-------+-------+-------+----------------------
         Total | 100.0 | 100.0 |  -nan |  -nan | 100.0 |  36.3
       Dungeon | 100.0 | 100.0 |  -nan |  -nan | 100.0 |  36.3
               +-------+-------+-------+-------+-------+----------------------
